 Dungeon Crawl Stone Soup version 0.17.0-28-g6e173f8 (webtiles) character file.

35 Ivanskos the Covered (level 3, -3/34 HPs)
             Began as a Deep Dwarf Fighter on Dec 1, 2015.
             Slain by a gnoll
             ... wielding a +0 flail
              (4 damage)
             ... on level 2 of the Dungeon.
             The game lasted 00:02:17 (575 turns).

Ivanskos the Covered (Deep Dwarf Fighter)            Turns: 575, Time: 00:02:17

Health: -3/34      AC:  8    Str: 20    XL:     3   Next: 17%
Magic:  3/3        EV:  7    Int:  8    God:
Gold:   45         SH:  9    Dex: 12    Spells: 0 memorised, 2 levels left

rFire  . . .     SeeInvis .     a - +0 flail
rCold  . . .     Clarity  .     b - +0 scale mail
rNeg   . . .     SustAt   .     c - +0 shield
rPois  .         Gourm    .     (no helmet)
rElec  .         Spirit   .     (no cloak)
rCorr  .         Warding  .     h - +0 pair of gloves
rMut   .         Stasis   .     (no boots)
MR     .....                    (no amulet)
Stlth  ..........               (no ring)
                                (no ring)

@: lethally poisoned (-3 -> -3), non-regenerating, not resistant to hostile
enchantments, extremely unstealthy
A: damage resistance, recharge devices, sense surroundings 1, slow regeneration
3
a: Device Recharging


You were on level 2 of the Dungeon.
You were not hungry.

You visited 1 branch of the dungeon, and saw 2 of its levels.

You collected 45 gold pieces.

Inventory:

Hand Weapons
 a - a +0 flail (weapon)
Armour
 b - a +0 scale mail (worn)
 c - a +0 shield (worn)
 h - a +0 pair of gloves (worn)
Wands
 e - a wand of heal wounds (5)
Scrolls
 k - a scroll of enchant weapon {unknown}
 l - a scroll of magic mapping {unknown}
Potions
 d - a potion of might
 i - a potion of curing {unknown}
 j - a potion of heal wounds {unknown}
 m - a potion of lignification {unknown}
Comestibles
 f - 2 bread rations
 g - a meat ration


   Skills:
 + Level 3.0 Fighting
 + Level 2.4 Maces & Flails
 + Level 3.5 Armour
 + Level 1.2 Dodging
 + Level 3.4 Shields


You had 2 spell levels left.
You didn't know any spells.

Dungeon Overview and Level Annotations

Branches:
Dungeon (2/15)

Altars:


Innate Abilities, Weirdness & Mutations

You are resistant to damage.
You can recharge devices by infusing magical energy.
You passively map a small area around you.
You do not regenerate naturally.


Message History

You feel stronger.
You feel very sick.
You closely miss the gnoll.
The gnoll is moderately wounded.
You feel sick. You block the goblin's attack.
The gnoll hits you but does no damage. The goblin barely misses you.
You closely miss the gnoll.
The gnoll is moderately wounded.
The gnoll hits you with a flail!
* * * LOW HITPOINT WARNING * * *
The goblin closely misses you.
You hit the gnoll.
The gnoll is severely wounded.
You block the gnoll's attack. The goblin hits you but does no damage.
You block the gnoll's attack.
Your shield prevents you from hitting the gnoll.
The gnoll is severely wounded.
You block the goblin's attack. The goblin hits you but does no damage.
The gnoll hits you with a flail.
You die...

, ... , ...
, ** ** ..#
** *, *###
#.# * ,
...#.# ,
#####.#.#
.......<#
######g##)#
,.......@g.#
*
######.####
** #., , #.
#. * * *
***##* , * *
*


You could see a gnoll and a goblin.

Vanquished Creatures
  2 gnolls (D:2)
  A giant gecko (D:1)
  A ball python (D:1)
  A giant cockroach (D:1)
  A goblin (D:1)
  2 hobgoblins (D:1)
  A bat (D:1)
  2 giant newts (D:1)
  A kobold (D:1)
  4 rats (D:1)
16 creatures vanquished.

Notes
Turn   | Place    | Note
--------------------------------------------------------------
     0 | D:1      | Ivanskos the Deep Dwarf Fighter began the quest for the Orb.
     0 | D:1      | Reached XP level 1. HP: 20/20 MP: 1/1
     0 | D:1      | Noticed a minotaur zombie
     2 | D:1      | Noticed a draconian zombie
     8 | D:1      | Noticed an elf skeleton
    10 | D:1      | Noticed a vine stalker skeleton
    14 | D:1      | Noticed a troll zombie
    14 | D:1      | Noticed a formicid
    16 | D:1      | Noticed a merfolk skeleton
    16 | D:1      | Noticed a ghoul
    18 | D:1      | Noticed a vine stalker
    18 | D:1      | Noticed a troll skeleton
    20 | D:1      | Noticed a formicid
    22 | D:1      | Noticed a minotaur zombie
   161 | D:1      | Reached XP level 2. HP: 21/27 MP: 2/2
   561 | D:2      | Reached skill level 1 in Dodging
   571 | D:2      | Reached XP level 3. HP: 12/34 MP: 3/3
   573 | D:2      | HP: 1/34 [gnoll/flail (7)]
   575 | D:2      | Slain by a gnoll

Action                   || total
-------------------------++-------
Melee: Flail             ||    54
